 Dungeon Crawl Stone Soup version 0.19.0-19-g8c6edcc (webtiles) character file.

24264 Gargoyl the Cleaver (level 12, -2/94 HPs)
             Began as a Demonspawn Abyssal Knight on Nov 16, 2016.
             Was the Champion of Lugonu.
             Slain by a hog (11 damage)
             ... led by Kirke
             ... on level 5 of the Lair of Beasts.
             The game lasted 00:27:45 (13552 turns).

Gargoyl the Cleaver (Demonspawn Abyssal Knight)    Turns: 13552, Time: 00:27:45

Health: -2/94      AC:  0    Str: 17    XL:     12   Next: 79%
Magic:  18/18      EV: 18    Int: 14    God:    Lugonu [******]
Gold:   568        SH:  0    Dex: 13    Spells: 0 memorised, 11 levels left

rFire  . . .     SeeInvis .     (weapon currently unavailable)
rCold  . . .     Gourm    .     (armour currently unavailable)
rNeg   . . .     Faith    .     (shield currently unavailable)
rPois  .         Spirit   .     (helmet currently unavailable)
rElec  .         Reflect  .     (cloak currently unavailable)
rCorr  .         Harm     .     (gloves currently unavailable)
MR     .....                    (boots currently unavailable)
Stlth  +.........               (no amulet)
                                (ring currently unavailable)
                                (ring currently unavailable)

@: pig-form, very quick
A: (antennae 0), (fangs 0), repulsion field 2, blurry vision 1, demonic guardian
1, low mp 1, powered by death 2, screaming 1, (shaggy fur 0), evolution 1
a: Depart the Abyss, Bend Space, Banish, Corrupt, Enter the Abyss, Brand Weapon
With Distortion, Renounce Religion


You were on level 5 of the Lair of Beasts.
You worshipped Lugonu.
Lugonu was exalted by your worship.
You were not hungry.
You were a filthy swine.
You visited 2 branches of the dungeon, and saw 15 of its levels.
You visited the Abyss 1 time.
You also visited: Ossuary.

You collected 1032 gold pieces.
You spent 464 gold pieces at shops.

Inventory:

Hand Weapons
 w - the +7 hand axe of Yeast (melded) {protect, +Blink rC+}
   (You found it on level 5 of the Dungeon)

   It protects the one who uses it against injury (+AC on strike).
   It protects you from cold.
   It lets you blink.
 H - a +1 hand axe of flaming
 T - a +0 broad axe
Armour
 k - a +2 pair of gloves (melded)
 F - a +0 plate armour (melded)
 J - a +2 hat (melded)
 K - a +1 pair of boots (melded)
 V - a +2 cloak (melded)
Jewellery
 j - a +2 ring of slaying (melded)
 Q - a +4 ring of evasion (melded)
Wands
 f - a wand of paralysis (12/24)
 r - a wand of enslavement (24/24)
 s - a wand of flame (44/48)
 A - a wand of iceblast (8/15)
 D - a wand of random effects (22/48)
 E - a wand of disintegration (7/24)
 L - a wand of enslavement (10/24)
 N - a wand of flame (19/48)
 O - a wand of lightning (11/15)
 U - a wand of flame (20/48)
Scrolls
 d - 7 scrolls of teleportation
 g - 7 scrolls of remove curse
 m - 2 scrolls of fog
 p - 3 scrolls of recharging
 t - 2 scrolls of magic mapping
 u - 6 scrolls of identify
 R - 2 scrolls of fear
 W - 2 scrolls of blinking
Potions
 b - 2 potions of ambrosia
 i - a potion of resistance
 n - 10 potions of curing
 x - 2 potions of degeneration
 z - 2 potions of lignification
 B - 3 potions of brilliance
 G - 2 potions of agility
 I - a potion of magic
 S - a potion of might
Books
 e - a book of Fire

   Spells                             Type                      Level
   a - Ignite Poison                  Fire/Transmutation/Poison    3
   b - Fireball                       Conjuration/Fire             5
   c - Bolt of Fire                   Conjuration/Fire             6
   d - Delayed Fireball               Conjuration/Fire             7
   e - Ring of Flames                 Charms/Fire                  7
 q - a book of Flames

   Spells                             Type                      Level
   a - Flame Tongue                   Conjuration/Fire             1
   b - Throw Flame                    Conjuration/Fire             2
   c - Conjure Flame                  Conjuration/Fire             3
   d - Inner Flame                    Hexes/Fire                   3
   e - Sticky Flame                   Conjuration/Fire             4
   f - Fireball                       Conjuration/Fire             5
 v - a book of Callings

   Spells                             Type                      Level
   a - Summon Small Mammal            Summoning                    1
   b - Call Imp                       Summoning                    2
   c - Call Canine Familiar           Summoning                    3
   d - Summon Guardian Golem          Hexes/Summoning              3
   e - Summon Lightning Spire         Summoning/Air                4
   f - Summon Ice Beast               Ice/Summoning                4
Comestibles
 a - 2 chunks of flesh
 c - 8 bread rations
 h - 9 meat rations
 l - 2 royal jellies
 o - 19 fruits
 C - 7 slices of pizza
 P - 3 beef jerkies


   Skills:
 + Level 8.8 Fighting
 + Level 12.2 Axes
 * Level 11.2 Armour
 + Level 3.2 Dodging
 * Level 11.4 Invocations


You had 11 spell levels left.
You didn't know any spells.

Dungeon Overview and Level Annotations

Branches:
Dungeon (10/15)            Temple (0/1) D:7            Lair (5/6) D:10
  Swamp (0/4) Lair:3        Snake (0/4) Lair:2
  Slime: Lair:5-6       Orc: D:9-12

Altars:
Ashenzari
Cheibriados
Elyvilon
Hepliaklqana
Makhleb
Nemelex Xobeh
Okawaru
Sif Muna
Uskayaw
Vehumet
Xom
Yredelemnul
The Shining One

Shops:
D:4 (   D:8 [

Annotations:
Lair:4 Kirke


Innate Abilities, Weirdness & Mutations

((You have a pair of small antennae on your head.))
You are surrounded by a moderate repulsion field. (EV +3)
A weak demonic guardian rushes to your aid.
You regenerate health from kills.
((You have very sharp teeth.))
Scrolls take you a little longer to read.
Your magical capacity is low. (-10% MP)
You occasionally shout uncontrollably at your foes.
((You are covered in fur. (AC +1)))
You evolve.


Message History

The hog bites you.
You hit the hog but do no damage.
The hog is moderately wounded.
The hog completely misses you.
You hit the hog but do no damage.
The hog is moderately wounded.
The hog bites you! x2
* * * LOW HITPOINT WARNING * * *
You hit the hog.
The hog is heavily wounded.
The hog bites you!
* * * LOW HITPOINT WARNING * * *
You barely miss the hog.
The hog is heavily wounded.
The hog bites you.
* * * LOW HITPOINT WARNING * * *
You hit the hog but do no damage.
The hog is heavily wounded.
The hog bites you!
You die...

#... ...... ##
##....P ### .# ##
.......##P##.##.##
.....>............
..................
..................
...<....†hh.......
.........÷.......#
.......####.##.###
#...$.. ## ##
#...... ###....
#.#.. ...#. .# ###


You could see a hog.

Vanquished Creatures
  3 hydras
  A queen ant (Lair:2)
  Joseph (D:7)
  A black mamba (Lair:3)
  A gargoyle (D:10)
  11 spiny frogs
  2 rime drakes (Lair:1)
  4 komodo dragons (Lair:4)
  A polar bear (Lair:4)
  15 blink frogs
  9 dream sheep
  3 hippogriffs
  7 yaks
  5 hogs (Lair:5)
  3 nagas (Lair:2)
  4 soldier ants (Lair:2)
  9 water moccasins
  7 porcupines
  2 orc warriors
  A swamp drake (Lair:3)
  A phantom (D:6)
  4 sky beasts
  A black bear (D:8)
  10 wolves
  An ogre (D:5)
  A centaur (D:8)
  7 crocodiles
  2 big kobolds (D:9)
  An elf zombie (Ossuary)
  19 bullfrogs
  A wyvern zombie (D:10)
  A wyvern skeleton (D:8)
  3 killer bees (D:8)
  4 wights (D:4)
  A howler monkey (D:7)
  A crimson imp (D:9)
  A bullfrog zombie (D:6)
  A quasit (D:6)
  A human zombie (Ossuary)
  A centaur skeleton (D:4)
  A centaur zombie (D:6)
  2 gnoll shamans (D:5)
  2 jellies
  3 orc priests
  4 hounds
  A bullfrog skeleton (D:6)
  5 orc wizards
  4 iguanas
  28 worker ants
  2 big kobold zombies (Ossuary)
  A hound zombie (D:10)
  3 hound skeletons
  2 mummies (Ossuary)
  2 worker ant zombies
  7 gnolls (D:5)
  7 adders
  A howler monkey skeleton (D:4)
  2 shadow imps
  A worm zombie (D:6)
  An adder zombie (Ossuary)
  An adder skeleton (D:8)
  2 worms
  4 dart slugs
  5 leopard geckos
  37 orcs
  5 giant cockroaches
  5 goblins
  5 hobgoblins
  12 jackals
  7 kobolds
  3 quokkas
  5 bats
  13 frilled lizards
  2 goblin zombies (Ossuary)
  11 hobgoblin zombies (Ossuary)
  2 jackal zombies (Ossuary)
  10 kobold zombies (Ossuary)
  A leopard gecko skeleton (D:6)
  6 orc zombies (Ossuary)
  10 rats
  A rat zombie (Ossuary)
  2 fungi
380 creatures vanquished.

Vanquished Creatures (collateral kills)
  A komodo dragon (Lair:4)
  A hornet (D:8)
  Grinder (D:4)
  A yak (D:9)
  A naga (Lair:2)
  A soldier ant (Lair:2)
  2 water moccasins
  Purgy (D:3)
  A porcupine (Lair:1)
  A black bear (D:8)
  A centaur (D:5)
  An ogre (D:4)
  3 wolves
  A big kobold (D:9)
  2 bullfrogs
  A killer bee (D:8)
  An iguana (D:5)
  5 worker ants
  2 gnolls (D:5)
  An orc (D:8)
  A goblin (D:3)
  A leopard gecko skeleton (D:5)
31 creatures vanquished.

Vanquished Creatures (others)
  3 fungi
  A plant (Lair:1)
4 creatures vanquished.

Grand Total: 415 creatures vanquished

Notes
Turn   | Place    | Note
-------+----------+-------------------------------------------
     0 | Abyss:1  | Gargoyl the Demonspawn Abyssal Knight began the quest for the Orb.
     0 | Abyss:1  | Reached XP level 1. HP: 18/18 MP: 2/2
    94 | Abyss:3  | Noticed a neqoxec
    97 | Abyss:3  | Gained mutation: You expend magic power (3 MP) to strengthen your wands. [a neqoxec]
   100 | D:1      | Escaped the Abyss
   138 | D:1      | Reached skill level 1 in Dodging
   161 | D:1      | Reached skill level 2 in Axes
   162 | D:1      | Reached * piety under Lugonu
   163 | D:1      | Gained mutation: A weak demonic guardian rushes to your aid. [demonic ancestry]
   163 | D:1      | Reached XP level 2. HP: 14/24 MP: 3/3
   411 | D:1      | Reached XP level 3. HP: 22/29 MP: 5/5
  1989 | D:3      | Noticed Purgy
  2002 | D:3      | Killed Purgy
  2002 | D:3      | Reached skill level 3 in Axes
  2002 | D:3      | Gained mutation: You are surrounded by a mild repulsion field. (EV +2) [demonic ancestry]
  2002 | D:3      | Reached XP level 4. HP: 18/35 MP: 6/6
  2188 | D:3      | Gained mutation: You have a pair of small antennae on your head. [demonic ancestry]
  2188 | D:3      | Reached XP level 5. HP: 41/41 MP: 7/7
  2206 | D:3      | Found a faded altar of an unknown god.
  2206 | D:3      | Found a faded altar of an unknown god.
  2208 | D:3      | Reached ** piety under Lugonu
  2213 | D:3      | Found a faded altar of an unknown god.
  2215 | D:3      | Found a faded altar of an unknown god.
  2217 | D:3      | Found a white marble altar of Elyvilon.
  2694 | D:3      | Found an iron altar of Okawaru.
  2811 | D:4      | Found a shimmering altar of Xom.
  2813 | D:4      | Found a shadowy altar of Dithmenos.
  2813 | D:4      | Found a white marble altar of Elyvilon.
  2822 | D:4      | Found a glowing silver altar of Zin.
  2822 | D:4      | Found a sacrificial altar of Ru.
  2822 | D:4      | Found a shimmering altar of Xom.
  2892 | D:4      | Found Wumpux's Antique Weapon Boutique.
  3240 | D:4      | Gained mutation: You are surrounded by a moderate repulsion field. (EV +3) [demonic ancestry]
  3240 | D:4      | Reached XP level 6. HP: 39/47 MP: 9/9
  3326 | D:4      | Found a radiant altar of Vehumet.
  3573 | D:4      | Noticed Grinder
  3590 | D:4      | Found a shimmering altar of Xom.
  3594 | D:4      | Paralysed by Grinder for 2 turns
  3603 | D:4      | Paralysed by Grinder for 6 turns
  3629 | D:4      | Killed Grinder
  3629 | D:4      | Reached skill level 4 in Axes
  3629 | D:4      | Gained mutation: You regenerate a little health from kills. [demonic ancestry]
  3629 | D:4      | Reached XP level 7. HP: 21/52 MP: 10/10
  4289 | D:5      | Entered Level 5 of the Dungeon
  4349 | D:5      | Reached *** piety under Lugonu
  4694 | D:5      | Found a hide-covered altar of Uskayaw.
  4886 | D:5      | Reached skill level 5 in Armour
  4886 | D:5      | Reached skill level 5 in Invocations
  4957 | D:5      | Reached skill level 5 in Axes
  5049 | D:5      | Got a jewelled hand axe
  5050 | D:5      | Identified the +7 hand axe of Yeast {protect, +Blink rC+} (You found it on level 5 of the Dungeon)
  5061 | D:5      | Reached XP level 8. HP: 47/60 MP: 12/12
  5358 | D:5      | Found a sparkling altar of Nemelex Xobeh.
  5478 | D:6      | Found a sand-covered staircase.
  5505 | Ossuary  | Entered an ossuary
  5573 | Ossuary  | Reached **** piety under Lugonu
  5823 | D:6      | Reached skill level 6 in Axes
  5972 | D:6      | Gained mutation: You are clumsy. (Dex -2) [mutagenic meat]
  5974 | D:6      | Gained mutation: You are resistant to hostile enchantments. (MR+) [mutagenic meat]
  5975 | D:6      | Gained mutation: Scrolls take you a little longer to read. [mutagenic meat]
  5976 | D:6      | Lost mutation: You are clumsy. (Dex -2) [mutagenic meat]
  6325 | D:7      | Gained mutation: Your body sometimes deteriorates upon taking damage. [potion of mutation]
  6325 | D:7      | Lost mutation: Scrolls take you a little longer to read. [potion of mutation]
  6359 | D:7      | Gained mutation: You evolve. [potion of mutation]
  6359 | D:7      | Gained mutation: You have very sharp teeth. [potion of mutation]
  6359 | D:7      | Gained mutation: Scrolls take you a little longer to read. [potion of mutation]
  6429 | D:7      | Lost mutation: You expend magic power (3 MP) to strengthen your wands. [mutagenic meat]
  6430 | D:7      | Gained mutation: You are frail. (-10% HP) [mutagenic meat]
  6432 | D:7      | Gained mutation: Scrolls take you longer to read. [mutagenic meat]
  6433 | D:7      | Gained mutation: You are covered in fur. (AC +1) [mutagenic meat]
  6490 | D:7      | Reached skill level 7 in Axes
  6490 | D:7      | Reached XP level 9. HP: 50/59 MP: 12/14
  6606 | D:7      | Noticed Joseph
  6620 | D:7      | Killed Joseph
  6655 | D:7      | Found a snail-covered altar of Cheibriados.
  6660 | D:7      | Found a basalt altar of Yredelemnul.
  6670 | D:7      | Found a glowing golden altar of the Shining One.
  6690 | D:7      | You fall through a shaft!
  6691 | D:8      | Found a hazy altar of Hepliaklqana.
  6697 | D:8      | Reached ***** piety under Lugonu
  6757 | D:8      | Reached skill level 5 in Fighting
  6918 | D:7      | Lost mutation: Your body sometimes deteriorates upon taking damage. [evolution]
  6976 | D:7      | Found a staircase to the Ecumenical Temple.
  7233 | D:8      | Found Ceceitygh's Antique Armour Shop.
  7279 | D:8      | Bought a glowing hat for 320 gold pieces
  7300 | D:8      | Bought a pair of boots for 144 gold pieces
  7402 | D:8      | Reached skill level 8 in Axes
  7587 | D:8      | Lost mutation: You are resistant to hostile enchantments. (MR+) [mutagenic meat]
  7588 | D:8      | Gained mutation: You have large cloven feet. [mutagenic meat]
  7589 | D:8      | Gained mutation: You are agile. (Dex +2) [mutagenic meat]
  7590 | D:8      | Gained mutation: Your muscles are strong. (Str +2) [mutagenic meat]
  7591 | D:8      | Gained mutation: Your magical capacity is low. (-10% MP) [mutagenic meat]
  7592 | D:8      | Gained mutation: Your spells are a little easier to cast, but a little less powerful. [mutagenic meat]
  7813 | D:8      | Found a deep blue altar of Sif Muna.
  7942 | D:9      | Gained mutation: You regenerate health from kills. [demonic ancestry]
  7942 | D:9      | Reached XP level 10. HP: 56/68 MP: 14/14
  8014 | D:9      | Noticed a two-headed hydra
  8017 | D:9      | Killed a one-headed hydra
  8018 | D:9      | Reached skill level 9 in Axes
  8132 | D:9      | Found a burning altar of Makhleb.
  8132 | D:9      | Found a sparkling altar of Nemelex Xobeh.
  8390 | D:9      | Found a shattered altar of Ashenzari.
  8751 | D:10     | Entered Level 10 of the Dungeon
  8751 | D:10     | Noticed a gargoyle
  8780 | D:10     | Killed a gargoyle
  9176 | D:10     | Found a staircase to the Lair.
  9203 | Lair:1   | Entered Level 1 of the Lair of Beasts
  9327 | Lair:1   | Noticed a spiny frog
  9347 | Lair:1   | Killed a spiny frog
  9409 | Lair:1   | Reached XP level 11. HP: 37/74 MP: 16/16
  9411 | Lair:1   | Reached skill level 10 in Axes
 10074 | Lair:1   | Noticed a five-headed hydra
 10085 | Lair:1   | Killed a one-headed hydra
 10156 | Lair:1   | Lost mutation: Your spells are a little easier to cast, but a little less powerful. [evolution]
 10286 | Lair:1   | Lost mutation: Your muscles are strong. (Str +2) [potion of cure mutation]
 10286 | Lair:1   | Lost mutation: You have large cloven feet. [potion of cure mutation]
 10286 | Lair:1   | Lost mutation: Scrolls take you longer to read. [potion of cure mutation]
 10286 | Lair:1   | Lost mutation: You are agile. (Dex +2) [potion of cure mutation]
 10286 | Lair:1   | Lost mutation: You are frail. (-10% HP) [potion of cure mutation]
 10439 | Lair:2   | Reached skill level 10 in Invocations
 10685 | Lair:2   | Noticed a queen ant
 10704 | Lair:2   | Reached skill level 11 in Axes
 10718 | Lair:2   | Killed a queen ant
 10724 | Lair:2   | Reached ****** piety under Lugonu
 10936 | Lair:2   | Found a staircase to the Snake Pit.
 11521 | Lair:3   | Reached XP level 12. HP: 75/92 MP: 17/17
 11551 | Lair:3   | Reached skill level 10 in Armour
 11942 | Lair:3   | Found a staircase to the Swamp.
 12145 | Lair:3   | Gained mutation: You occasionally shout uncontrollably at your foes. [evolution]
 12165 | Lair:3   | Identified a scroll of acquirement
 13051 | Lair:4   | Reached skill level 12 in Axes
 13239 | Lair:4   | Noticed a five-headed hydra
 13250 | Lair:4   | Killed a one-headed hydra
 13338 | Lair:4   | Noticed Kirke
 13552 | Lair:5   | Slain by a hog

Skill      XL: |  1  2  3  4  5  6  7  8  9 10 11 12 |
---------------+-------------------------------------+-----
Dodging        | 1 2 3 |  3.2
Axes           | 2 3 4 5 7 8 9 11 12 | 12.2
Armour         | 2 3 4 5 6 7 8 9 11 | 11.2
Invocations    | 3 4 5 6 8 9 10 11 | 11.4
Fighting       | 4 5 6 7 8 |  8.8

Action                   |  1- 3 |  4- 6 |  7- 9 | 10-12 || total
-------------------------+-------+-------+-------+-------++-------
Melee: Hand axe          |   146 |   210 |   355 |   706 ||  1417
       War axe           |       |       |    40 |       ||    40
       Bite              |       |       |    11 |    83 ||    94
       Unarmed           |       |       |       |    30 ||    30
Invok: Depart the Abyss  |     1 |       |       |       ||     1
  Use: Potion            |       |     3 |     8 |     3 ||    14
       Scroll            |       |       |    13 |    13 ||    26
 Stab: Distracted        |       |     1 |     4 |     6 ||    11
  Eat: Chunk             |     4 |     3 |    29 |    19 ||    55
       Fruit             |       |     3 |       |       ||     3
Armor: Leather armour    |    10 |       |       |       ||    10
       Ring mail         |    40 |       |       |       ||    40
       Scale mail        |    15 |    79 |    35 |       ||   129
       Chain mail        |       |       |   134 |       ||   134
       Plate armour      |       |       |   100 |   437 ||   537
       Skin              |       |       |       |     3 ||     3
Dodge: Dodged            |    94 |   156 |   227 |   468 ||   945
